 Dungeon Crawl Stone Soup version 0.21.0-37-g46506fa5f3 (webtiles) character file.

35 GuyWithAPlan the Conjurer (level 3, 0/19 HPs)
             Began as a Tengu Air Elementalist on Feb 1, 2018.
             Slain by Natasha (7 damage)
             ... on level 2 of the Dungeon.
             The game lasted 00:03:15 (1002 turns).

GuyWithAPlan the Conjurer (Tengu Air Elementalist)  Turns: 1002, Time: 00:03:16

Health: 0/19       AC:  2    Str:  8    XL:     3   Next: 33%
Magic:  3/7        EV: 12    Int: 16    God:
Gold:   30         SH:  0    Dex: 14    Spells: 5/6 levels left

rFire    . . .     SeeInvis .   k - +0 hunting sling (freeze)
rCold    . . .     Gourm    .   (no shield)
rNeg     . . .     Faith    .   a - +0 robe
rPois    .         Spirit   .   (helmet restricted)
rElec    .         Reflect  .   (no cloak)
rCorr    .         Harm     .   (no gloves)
MR       .....                  (boots unavailable)
Stlth    ++........             (no amulet)
HPRegen  0.06/turn              (no ring)
MPRegen  0.10/turn              (no ring)

@: no status effects
A: beak, talons 3
a: no special abilities


You were on level 2 of the Dungeon.
You were not hungry.

You visited 1 branch of the dungeon, and saw 2 of its levels.

You collected 30 gold pieces.

Inventory:

Hand Weapons
 i - a +0 club
 k - a +0 hunting sling of freezing (weapon)
Missiles
 l - 31 stones (quivered)
Armour
 a - a +0 robe (worn)
Jewellery
 j - an uncursed amulet of rage {unknown}
Scrolls
 f - 4 scrolls of remove curse {unknown}
 g - 2 scrolls of identify {unknown}
 h - 2 scrolls of teleportation {unknown}
Potions
 d - 2 potions of heal wounds
 e - a potion of haste {unknown}
 n - a potion of degeneration {unknown}
Books
 b - a book of Air

   Spells                             Type                      Level
   a - Shock                          Conjuration/Air              1
   b - Swiftness                      Charms/Air                   2
   c - Static Discharge               Conjuration/Air              3
   d - Airstrike                      Air                          4
   e - Lightning Bolt                 Conjuration/Air              5
Comestibles
 c - 5 rations
 m - a chunk of flesh


   Skills:
 - Level 2.1 Dodging
 - Level 2.0 Stealth
 - Level 2.0 Spellcasting
 + Level 4.2 Conjurations
 - Level 4.0 Air Magic


You had 5 spell levels left.
You knew the following spells:

 Your Spells              Type           Power        Failure   Level  Hunger
a - Shock                 Conj/Air       ##..         3%          1    #......


Dungeon Overview and Level Annotations

Branches:
Dungeon (1/15)

Altars:

Annotations:
D:2 Natasha


Innate Abilities, Weirdness & Mutations

You have a beak for a mouth.
You have claws for feet.


Message History

Casting: Shock
Confirm with . or Enter, or press ? or * to list all spells.
Aiming: Shock
Press: ? - help, Shift-Dir - straight line, f/p - Natasha
Aim: Natasha (severely wounded)
The zap hits Natasha.
Natasha is almost dead.
The zap misses the crimson imp.
Natasha drinks a potion.
Natasha is healed!
Casting: Shock
Confirm with . or Enter, or press ? or * to list all spells.
Aiming: Shock
Press: ? - help, Shift-Dir - straight line, f/p - Natasha
Aim: Natasha The zap hits Natasha.
Natasha is heavily wounded.
The zap hits the crimson imp.
The crimson imp is moderately wounded.
Natasha barely misses you. Natasha claws you!
You die...

....%........ $...........
.........(. $....... ###
.$..(.(. ###.##..# #.(#
###.....?# #5#
##...#.##..# #h# ...##..#
..####@##### #####.##
.##.......#
#####.#####.#..#..##.#
..............###.#..#
......#####..........#####
##.#....#########........#
#..#.#......## #........#
##...######..###........#
##..# #............#


You could see Natasha and a crimson imp.

Vanquished Creatures
  An adder (D:2)
  A ball python (D:2)
  2 bats (D:2)
  2 giant cockroaches (D:1)
  4 goblins
  4 jackals (D:2)
  2 kobolds (D:1)
  A quokka (D:2)
  3 frilled lizards
  2 rats (D:1)
22 creatures vanquished.

Notes
Turn   | Place    | Note
-------+----------+-------------------------------------------
     0 | D:1      | GuyWithAPlan the Tengu Air Elementalist began the quest for the Orb.
     0 | D:1      | Reached XP level 1. HP: 10/10 MP: 4/4
   341 | D:1      | Reached XP level 2. HP: 15/15 MP: 0/6
   621 | D:1      | You fall through a shaft!
   952 | D:2      | Reached XP level 3. HP: 19/19 MP: 4/7
   991 | D:2      | Noticed Natasha
  1002 | D:2      | Slain by Natasha

Skill      XL: |  1  2  3 |
---------------+----------+-----
Conjurations   | 2 3 4 |  4.2
Dodging        | |  2.1
Stealth        | |  2.0
Spellcasting   | |  2.0
Air Magic      | |  4.0

Action                   || total
-------------------------++-------
Melee: Unarmed           ||     5
       Kick              ||     1
       Peck              ||     1
       Club              ||     1
 Fire: Hunting sling     ||     9
 Cast: Shock             ||    42
  Eat: Chunk             ||     1
Armor: Robe              ||     6
Dodge: Dodged            ||    30
